 Dungeon Crawl Stone Soup version 0.18-a0-921-g28655ce (webtiles) character file.

567 JokEr the Spear-Bearer (level 7, -5/59 HPs)
             Began as a Merfolk Fighter on Dec 27, 2015.
             Slain by Menkaure (10 damage)
             ... on level 4 of the Dungeon.
             The game lasted 00:09:06 (3380 turns).

JokEr the Spear-Bearer (Merfolk Fighter)            Turns: 3380, Time: 00:09:06

Health: -5/59      AC: 13    Str: 18    XL:     7   Next: 33%
Magic:  7/7        EV:  2    Int:  8    God:
Gold:   221        SH:  9    Dex: 13    Spells: 0 memorised, 6 levels left

rFire  . . .     SeeInvis .     a - +0 trident
rCold  . . .     Gourm    .     s - +0 plate armour
rNeg   . . .     Faith    .     c - +0 shield
rPois  .         Spirit   .     e - +0 helmet
rElec  .         Dismiss  .     (no cloak)
rCorr  .         Reflect  .     k - +0 pair of gloves
SustAt .         Harm     .     (no boots)
MR     .....                    (no amulet)
Stlth  ..........               (no ring)
                                (no ring)

@: not resistant to hostile enchantments, extremely unstealthy
A: change form in water, swift swim
a: no special abilities


You were on level 4 of the Dungeon.
You were hungry.

You visited 1 branch of the dungeon, and saw 4 of its levels.

You collected 221 gold pieces.

Inventory:

Hand Weapons
 a - a +0 trident (weapon)
Armour
 c - a +0 shield (worn)
 e - a +0 helmet (worn)
 k - a +0 pair of gloves (worn)
 s - a +0 plate armour (worn)
Wands
 q - a wand of cold (8/15)
Scrolls
 h - 5 scrolls of teleportation
 j - a scroll of identify
 m - 3 scrolls of remove curse
 p - 2 scrolls of magic mapping {unknown}
 r - a scroll of fog {unknown}
Potions
 i - 4 potions of ambrosia
 n - a potion of resistance {unknown}
 o - a potion of flight {unknown}
 t - a potion of brilliance {unknown}
 u - a potion of cancellation {unknown}
Comestibles
 d - 4 fruits
 f - 6 bread rations
 g - a slice of pizza
 l - a meat ration


   Skills:
 + Level 6.6 Fighting
 + Level 8.3 Polearms
 - Level 2.1 Armour
 - Level 3.0 Shields


You had 6 spell levels left.
You didn't know any spells.

Dungeon Overview and Level Annotations

Branches:
Dungeon (4/15)
 Temple: D:4-7

Altars:
Dithmenos
Elyvilon
Kikubaaqudgha
Xom

Shops:
D:4 [

Annotations:
D:4 Menkaure


Message History

Menkaure is heavily damaged.
You hit Menkaure.
Menkaure is heavily damaged.
Menkaure calls on the powers of darkness!
Your body is wracked with pain!
* * * LOW HITPOINT WARNING * * *
You hit Menkaure.
Menkaure is heavily damaged.
Menkaure calls on the powers of darkness!
Your body is wracked with pain!
* * * LOW HITPOINT WARNING * * *
You closely miss Menkaure.
Menkaure is heavily damaged.
Menkaure hits you but does no damage.
You hit Menkaure but do no damage.
Menkaure is heavily damaged.
You barely miss Menkaure.
Menkaure is heavily damaged.
Menkaure hits you!
You die...

...# ...# ...?....# ...#
........# ...# ###
........# ...##..#
........# .......#
........## .......+
.........# .......#
.......M.# .......# ###@##
.......# #....# .......#
#....# .......#
+....######## .......#
#...........#
######.####'##.........(.#
##.##.....####.......#
#...#.....#..#.......#
#...#.....#..#.......#


You could see Menkaure.

Vanquished Creatures
  Eustachio (D:4)
  An ogre (D:4)
  A big kobold (D:4)
  A scorpion (D:4)
  A giant frog skeleton (D:4)
  A worker ant (D:4)
  Natasha (D:4)
  Terence (D:2)
  Robin (D:2)
  3 adders
  An adder skeleton (D:4)
  2 worms
  3 orcs (D:4)
  7 giant cockroaches
  22 goblins
  7 hobgoblins
  6 kobolds
  A quokka (D:4)
  6 bats
  2 giant geckos (D:1)
  4 giant newts
  A quokka skeleton (D:4)
  6 rats
80 creatures vanquished.

Notes
Turn   | Place    | Note
--------------------------------------------------------------
     0 | D:1      | JokEr the Merfolk Fighter began the quest for the Orb.
     0 | D:1      | Reached XP level 1. HP: 18/18 MP: 1/1
   127 | D:1      | Reached XP level 2. HP: 24/24 MP: 2/2
   225 | D:1      | Reached skill level 4 in Polearms
   506 | D:1      | Reached XP level 3. HP: 30/30 MP: 3/3
   932 | D:2      | Found an ancient bone altar of Kikubaaqudgha.
   933 | D:2      | Noticed Terence
   938 | D:2      | Killed Terence
   938 | D:2      | Reached XP level 4. HP: 37/37 MP: 4/4
  1013 | D:1      | Reached skill level 5 in Polearms
  1096 | D:2      | Noticed Robin
  1134 | D:2      | Killed Robin
  1503 | D:2      | Found a shadowy altar of Dithmenos.
  1934 | D:3      | Found a white marble altar of Elyvilon.
  2033 | D:3      | Found a shimmering altar of Xom.
  2272 | D:4      | Found Ysholays's Armour Shop.
  2329 | D:4      | Reached XP level 5. HP: 43/43 MP: 5/5
  2357 | D:4      | Reached skill level 5 in Fighting
  2357 | D:4      | Reached skill level 6 in Polearms
  2560 | D:4      | Reached XP level 6. HP: 34/51 MP: 6/6
  2670 | D:4      | Noticed Natasha
  2721 | D:4      | Reached skill level 7 in Polearms
  2773 | D:4      | Killed Natasha
  3178 | D:4      | Noticed Eustachio
  3220 | D:4      | Killed Eustachio
  3220 | D:4      | Reached skill level 8 in Polearms
  3220 | D:4      | Reached XP level 7. HP: 41/59 MP: 7/7
  3362 | D:4      | Noticed Menkaure
  3380 | D:4      | Slain by Menkaure

Vault maps used:
D:1:      dpeg_arrival_rooms_b, minivault_25
D:2:      old_standard_altar, st_stairs_5, lemuel_statue_altar, uniq_terence,
          uniq_robin
D:3:      overflow_temple_1_default, elyvilon_altar_5, first_bread, minivault_11
D:4:      serial_shops, nicolae_shop_crystal, uniq_menkaure, uniq_natasha,
          uniq_eustachio

Action                   |  1- 3 |  4- 6 |  7- 9 || total
-------------------------+-------+-------+-------++-------
Melee: Trident           |   139 |   240 |    21 ||   400
  Use: Scroll            |     2 |     2 |       ||     4
       Potion            |     1 |     1 |     1 ||     3
  Eat: Chunk             |       |     8 |       ||     8
